 Dungeon Crawl Stone Soup version 0.31-a0-1029-ge8c24b2130 (webtiles) character file.

Game seed: 2386307281982022635

564977 Anon1729 the Executioner (level 25, -34/205 (213) HPs)
             Began as a Minotaur Monk on Nov 18, 2023.
             Was the Champion of Trog.
             Killed from afar by a yellow draconian annihilator (83 damage)
             ... with a crystal spear
             ... led by a black draconian knight
             ... on level 4 of the Realm of Zot.
             The game lasted 01:35:25 (68569 turns).

Anon1729 the Executioner (Minotaur Monk)           Turns: 68569, Time: 01:35:25

HP:   -34/205 (213) AC: 31    Str: 30    XL:     25   Next: 46%
MP:   10/10         EV: 16    Int:  9    God:    Trog [******]
Gold: 4828          SH: 25    Dex: 11    Spells: 24/24 levels left

rFire   + + +        B - +5 broad axe (antimagic)
rCold   + . .        W - +5 kite shield {reflect}
rNeg    . . .        J - +11 shadow dragon scales
rPois   +            X - +3 crown of Dyrovepreva {rElec Int+2 SInv}
rElec   +            S - scarf {rC+ rF+}
rCorr   +            H - +2 pair of gloves of Daisies {rF+ Will+ rCorr Dex-2}
SInv    +            b - +2 pair of boots {Fly}
Will    +++..        q - amulet of Xyggac {Reflect Will+ MP+9 SH+5}
Stlth   +++++        g - ring of protection from fire
HPRegen 0.54/turn    r - +6 ring of strength
MPRegen 0.12/turn

%: reflection
@: lethally poisoned (-34 -> -35), corroded, flying, lightly drained
A: horns 2, retaliatory headbutt, hooves 1, clumsy 1, deterioration 1, frail 1,
passive freeze, poison resistance, weak 1, subdued magic 2
}: 3/15 runes: decaying, serpentine, silver
a: Renounce Religion, Berserk, Trog's Hand, Brothers in Arms


You were on level 4 of the Realm of Zot.
You worshipped Trog.
Trog was exalted by your worship.
You visited 10 branches of the dungeon, and saw 47 of its levels.
You visited the Abyss 1 time.
You also visited: Desolation.

You collected 9289 gold pieces.
You spent 4461 gold pieces at shops.

Inventory:

Hand Weapons
 B - a +5 antimagic broad axe (weapon)
 F - a +9 broad axe of draining
Missiles
 v - 9 throwing nets
 Y - 12 curare-tipped darts
Armour
 b - a +2 pair of boots of flying (worn)
 H - the +2 pair of gloves of Daisies (worn) {rF+ Will+ rCorr Dex-2}
   (You acquired it on level 4 of the Realm of Zot)

   Dex-2:     It affects your dexterity (-2).
   rF+:       It protects you from fire.
   Will+:     It increases your willpower.
   rCorr:     It protects you from acid and corrosion.
 J - +11 shadow dragon scales (worn)
 S - a scarf of resistance (worn)
 W - a +5 kite shield of reflection (worn)
 X - the +3 crown of Dyrovepreva (worn) {rElec Int+2 SInv}
   (You acquired it on level 3 of the Snake Pit)

   Int+2:     It affects your intelligence (+2).
   rElec:     It insulates you from electricity.
   SInv:      It lets you see invisible.
Jewellery
 g - a ring of protection from fire (left hand)
 q - the amulet of Xyggac (around neck) {Reflect Will+ MP+9 SH+5}
   (You found it on level 3 of the Snake Pit)

   [amulet of reflection]

   Reflect:   It reflects blocked missile attacks.
   Will+:     It increases your willpower.
   MP+9:      It affects your magic capacity (+9).
   SH+5:      It affects your SH (+5).
 r - a +6 ring of strength (right hand)
 E - the ring "Wuish" {EV+5 Stlth+}
   (You found it on level 1 of the Depths)

   [ring of evasion]

   EV+5:      It affects your evasion (+5).
   Stlth+:    It makes you more stealthy.
 K - a +6 ring of dexterity
 R - a ring of resist corrosion
 U - a ring of protection from cold
 V - the amulet of Ynuubaz {Acrobat rF+ rC++}
   (You found it in the Desolation of Salt)

   [amulet of the acrobat]

   Acrobat:   It increases your evasion while moving and waiting.
   rF+:       It protects you from fire.
   rC++:      It greatly protects you from cold.
Wands
 m - a wand of charming (33)
 p - a wand of polymorph (7)
 t - a wand of flame (96)
 C - a wand of digging (13)
 D - a wand of light (24)
 O - a wand of roots (22)
 P - a wand of mindburst (53)
Scrolls
 h - 12 scrolls of poison
 i - 20 scrolls of teleportation
 l - 7 scrolls of fog
 n - 5 scrolls of brand weapon
 s - 8 scrolls of vulnerability
 u - 5 scrolls of fear
 x - 7 scrolls of immolation
 y - 10 scrolls of revelation
 M - 3 scrolls of silence
 N - 4 scrolls of blinking
 T - 4 scrolls of summoning
Potions
 a - 16 potions of lignification
 c - 4 potions of ambrosia
 e - 10 potions of enlightenment
 f - 6 potions of heal wounds
 j - 19 potions of curing
 k - 6 potions of invisibility
 w - 10 potions of haste
 z - 14 potions of mutation
 G - 8 potions of might
 I - 5 potions of cancellation
 L - 5 potions of attraction
 Z - 2 potions of magic
Miscellaneous
 d - a sack of spiders (inert)
 o - a lightning rod (4/4)
 A - a tin of tremorstones (inert)


   Skills:
 + Level 21.9 Fighting
 + Level 22.0 Axes
 + Level 12.9 Throwing
 + Level 21.6 Armour
 + Level 20.3 Dodging
 - Level 11.0 Stealth
 * Level 20.9 Shields
 * Level 18.3 Evocations


You had 24 spell levels left.
You didn't know any spells.
Your spell library contained the following spells:

 Spells                   Type           Power      Damage    Failure   Level
 Ensorcelled Hibernation  Hex/Ice        0%         N/A       82%         2
 Lesser Beckoning         Tloc           0%         N/A       82%         2
 Passwall                 Tmut/Erth      0%         N/A       82%         2
 Gell's Gravitas          Tloc           0%         N/A       96%         3
 Swiftness                Air            0%         N/A       96%         3
 Teleport Other           Tloc           0%         N/A       96%         3


Dungeon Overview and Level Annotations

Branches:
Dungeon (15/15)            Temple (1/1) D:5            Lair (5/5) D:8
  Swamp (4/4) Lair:2        Snake (4/4) Lair:3        Slime (0/5) Lair:4
    Orc (2/2) D:12            Elf (3/3) Orc:2        Vaults (5/5) D:14
  Crypt (0/3) Vaults:3     Depths (4/4) D:15            Zot (4/5) Depths:4
Desolation (visited)

Altars:
Ashenzari
Cheibriados
Dithmenos
Elyvilon
Fedhas
Gozag
Hepliaklqana
Kikubaaqudgha
Makhleb
Nemelex Xobeh
Okawaru
Qazlal
Ru
Sif Muna
Trog
Uskayaw
Vehumet
Wu Jian
Xom
Yredelemnul
Zin
The Shining One
Jiyva

Shops:
Orc:2 (*??   Elf:1 (*?*   Elf:2 (:!   Elf:3 =   Snake:1 :   Snake:4 :
Vaults:1 [   Vaults:3 ([=:   Vaults:4 !   Depths:2 [

Portals:
Hell: Depths:1 Depths:2 Depths:3 Depths:4
Abyss: Depths:2 Depths:3
Pandemonium: Depths:2
Ziggurat: Depths:3

Annotations:
Elf:2 3 runed translucent doors


Innate Abilities, Weirdness & Mutations

You have a pair of horns on your head.
You reflexively headbutt those who attack you in melee.
You have large cloven feet.
You are clumsy. (Dex -2)
Your body sometimes deteriorates upon taking damage.
You are frail. (-10% HP)
A frigid envelope surrounds you and freezes all who hurt you.
Your system is resistant to poisons. (rPois)
You are weak. (Str -2)
Your spells are easier to cast, but less powerful.


Message History

Things that are here:
a +0 war axe; a +0 cloak; a black draconian corpse You feel very sick.
The yellow draconian annihilator spits acid at you.
The glob of acid hits you. You resist. The acid corrodes you!
Things that are here:
a +3 glaive; a +1 cloak; a black draconian corpse You feel very sick.
The yellow draconian annihilator spits acid at you.
The glob of acid hits you! You resist. The acid corrodes you!
Things that are here:
a +0 short sword; a +0 cloak You feel sick.
You hit the yellow draconian annihilator.
The yellow draconian annihilator's magic leaks into the air.
You headbutt the yellow draconian annihilator, but do no damage.
The yellow draconian annihilator is lightly wounded.
You feel sick.
The yellow draconian annihilator's magic is no longer disrupted.
You block the yellow draconian annihilator's attack.
You closely miss the yellow draconian annihilator.
The yellow draconian annihilator is lightly wounded.
You feel sick.
The yellow draconian annihilator spits acid at you.
The glob of acid hits you! You resist.
* * * LOW HITPOINT WARNING * * *
You hit the yellow draconian annihilator but do no damage.
You headbutt the yellow draconian annihilator!
The yellow draconian annihilator is lightly wounded.
You feel sick.
You hit the yellow draconian annihilator but do no damage.
The yellow draconian annihilator is lightly wounded.
You feel sick.
The yellow draconian annihilator closely misses you.
You barely miss the yellow draconian annihilator.
Your headbutt misses the yellow draconian annihilator.
The yellow draconian annihilator is lightly wounded.
The yellow draconian annihilator points at you and mumbles some strange words.
The crystal spear hits you!!!!
You die...

#..# ##.#
#.################
#.................
#)################
#.# #.# ############
#q# #........... #@#
#.##########
#)#####.####......
#))[.......#......
#######.##.#).....
#....'.....k
*********####'#......
*,,,,,,,,,,,,.qq...d.
*,,,,,,,,,,,,..q..q..
*,,,,,,,,,,,,...d...,


You could see a yellow draconian annihilator (catching breath).

Vanquished Creatures
  A dread lich (Vaults:5)
  2 orbs of fire
  Mara (Depths:2)
  2 ancient liches
  2 juggernauts
  Josephina (Zot:4)
  Parghit (Depths:3)
  Saint Roka (Orc:2)
  Frederick (Vaults:5)
  A Killer Klown (Zot:2)
  3 curse toes
  Xtahua (Vaults:4)
  A caustic shrike (Depths:2)
  9 golden dragons
  3 bone dragons
  Norris (Elf:3)
  An electric golem (Zot:2)
  18 tentacled monstrosities
  Jorgrun (D:15)
  Zenata (Elf:3)
  Rupert (D:15)
  2 liches
  3 deep elf blademasters
  4 titans
  2 deep elf master archers (Elf:3)
  A walking frostbound tome (Depths:2)
  5 sphinxes
  15 death cobs
  An Executioner (Abyss:3)
  A tentacled starspawn (Abyss:3)
  8 quicksilver dragons
  3 shadow dragons (Zot:4)
  Roxanne (Snake:1)
  2 thorn hunters
  4 tengu reavers
  13 storm dragons
  9 draconian monks
  5 nagarajas
  Donald (Vaults:2)
  The ghost of Sphara the Thrower, an adept HuWr of Gozag (Swamp:1)
  A daeva (Vaults:4)
  3 iron dragons
  9 fire giants
  5 draconian knights
  6 deep elf sorcerers
  2 imperial myrmidons (Desolation)
  The ghost of Pitzov the Ruinous, an adept DECj of Sif Muna (Snake:3)
  22 vault wardens
  8 draconian scorchers
  4 deep elf elementalists (Elf:3)
  A balrug (Depths:1)
  4 draconian shifters
  Louise (Elf:1)
  2 spriggan defenders (Depths:4)
  3 draconian stormcallers
  A ghost moth (Zot:1)
  12 frost giants
  A reaper (Depths:1)
  2 ghouls (Swamp:1)
  An orc warlord (Orc:2)
  6 draconian annihilators
  18 ironbound preservers
  4 war gargoyles
  11 very ugly things
  2 formless jellyfish (Vaults:4)
  Nessos (Lair:3)
  9 ironbound thunderhulks
  18 stone giants
  19 dire elephants
  6 grey draconians
  8 green draconians
  7 deep elf annihilators
  10 deep elf demonologists
  7 black draconians
  4 eleionomae
  4 white draconians
  12 purple draconians
  8 bunyips
  A lorocyproca (Depths:2)
  4 spark wasps
  4 deep elf death magi (Elf:3)
  19 red draconians
  A halazid warlock (Desolation)
  An ettin (shapeshifter) (Vaults:2)
  12 yellow draconians
  10 ettins
  5 crystal guardians
  5 deep elf high priests
  7 fire dragons
  2 entropy weavers
  9 ragged hierophants
  2 servants of whispers (Desolation)
  A shambling mangrove (Swamp:4)
  2 rakshasas (D:15)
  14 yaktaur captains
  30 vault guards
  6 ice dragons
  4 spriggan air magi
  12 peacekeepers
  Fannar (D:10)
  A juggernaut simulacrum (Depths:3)
  2 ghost crabs
  20 hydras
  6 great orbs of eyes
  3 salamander tyrants (Snake:4)
  7 alligators
  5 boulder beetles
  12 centaur warriors
  12 ironbound frosthearts
  2 catoblepae
  14 anacondas
  5 death yaks (Lair:2)
  5 two-headed ogres
  A merfolk avatar (Lair:5)
  5 naga warriors
  8 hell hogs
  8 deep troll shamans
  4 tengu warriors
  11 deep troll earth magi
  6 naga sharpshooters
  24 dancing weapons
  5 orc high priests
  An occultist (Depths:2)
  18 hell knights
  The ghost of hackum the Grappler, a novice TrFi (D:7)
  4 spriggan berserkers
  11 shock serpents
  7 sun demons
  A shock serpent (shapeshifter) (Depths:4)
  Sonja (D:10)
  9 skysharks
  15 deep elf knights
  Nergalle (Lair:2)
  3 sixfirhies
  5 iron trolls
  A sea snake (Snake:1)
  12 salamander mystics
  5 large abominations (Abyss:3)
  52 deep trolls
  2 spriggan druids (Swamp:4)
  16 swamp dragons
  A goliath frog (Swamp:1)
  A deep troll (shapeshifter) (Vaults:5)
  9 bog bodies
  6 naga ritualists
  3 glowing orange brains
  A shadow dragon zombie (Depths:3)
  10 lindwurms
  4 orc knights (Orc:2)
  5 necromancers
  5 arcanists
  16 deep elf pyromancers
  5 phantasmal warriors
  A flayed ghost (Vaults:5)
  7 deep elf archers
  23 ugly things
  20 deep elf zephyrmancers
  A harpy (Lair:5)
  25 ironbound convokers
  6 orc sorcerers (Orc:2)
  7 starcursed masses (Abyss:3)
  An oklob plant (Lair:4)
  9 mana vipers
  2 human zombies (Vaults:1)
  4 manticores
  A tengu skeleton (Depths:3)
  2 cyclopes
  22 salamanders
  8 will-o-the-wisps
  A fire giant skeleton (Depths:3)
  A fire giant zombie (Vaults:1)
  20 moths of wrath
  23 vault sentinels
  3 human skeletons (Vaults:1)
  41 black mambas
  An apocalypse crab (Abyss:3)
  16 elephants
  12 naga magi
  A frost giant skeleton (Depths:3)
  A smoke demon (Abyss:3)
  9 guardian serpents
  8 cane toads
  3 molten gargoyles
  A torpor snail (Lair:5)
  An elf skeleton (Vaults:1)
  A yaktaur zombie (Vaults:1)
  A storm dragon simulacrum (Zot:4)
  A hellion (Zot:3)
  3 unseen horrors
  Maggie (D:7)
  9 komodo dragons
  4 tengu conjurers
  A yaktaur (shapeshifter) (D:13)
  An efreet (D:13)
  8 rime drakes
  2 kobold demonologists
  40 yaktaurs
  A golden dragon simulacrum (Zot:4)
  A merfolk (D:8)
  A merfolk (shapeshifter) (Vaults:5)
  A hornet (shapeshifter) (Elf:3)
  6 trolls
  5 hornets
  6 polar bears
  37 saltlings
  2 ancient zymes (Abyss:3)
  Prince Ribbit (Temple)
  A wind drake (Lair:5)
  A meliai (shapeshifter) (Elf:2)
  8 tyrant leeches
  2 glass eyes
  An elf zombie (Vaults:1)
  A blink frog (Lair:5)
  3 raiju
  A snapping turtle (Lair:5)
  2 air elementals (Elf:3)
  31 slime creatures
  6 water elementals
  A centaur simulacrum (D:15)
  A wraith (D:10)
  2 spriggans (Depths:1)
  A ynoxinul (Abyss:3)
  A culicivora (shapeshifter) (Vaults:5)
  2 vampires
  5 wyverns
  37 yaks
  4 fire elementals
  7 basilisks
  A human (shapeshifter) (Vaults:4)
  A white draconian simulacrum (Zot:4)
  5 steam dragons
  A chaos spawn (Abyss:3)
  A neqoxec (Abyss:3)
  A yaktaur simulacrum (Vaults:1)
  2 redbacks (Vaults:4)
  4 vampire mosquitoes (D:10)
  A yellow draconian simulacrum (Zot:4)
  11 swamp worms
  6 wargs
  28 nagas
  An acid dragon (shapeshifter) (D:15)
  3 acid dragons
  12 water moccasins
  A glowing shapeshifter skeleton (Vaults:1)
  An ice beast (D:7)
  3 sky beasts (D:7)
  3 black bears
  49 orc warriors
  An orc zombie (Vaults:1)
  6 swamp drakes
  15 ogres
  8 boggarts
  3 wolves (Lair:5)
  2 small abominations (Abyss:3)
  11 centaurs
  2 phantoms (D:6)
  Blork the orc (D:4)
  5 kobold brigands
  21 bullfrogs
  7 scorpions
  An earth elemental (Elf:1)
  4 gnoll sergeants
  4 wights
  3 howler monkeys
  11 electric eels
  5 lava snakes
  A crimson imp (D:6)
  5 hounds
  2 gnoll boudas
  2 jellies
  36 orc priests
  A sleepcap (D:5)
  10 iguanas
  19 orc wizards
  12 hell rats
  24 gnolls
  8 adders
  A shadow imp (D:7)
  A white imp (Abyss:3)
  5 ufetubi
  A worm (D:4)
  2 dart slugs (D:2)
  106 orcs
  6 bats
  3 endoplasms
  2 giant cockroaches
  12 goblins
  5 hobgoblins (D:1)
  3 jackals (D:4)
  28 kobolds
  A quokka (D:2)
  4 ball pythons
  4 frilled lizards
  4 rats
  A spectral weapon (Zot:3)
2012 creatures vanquished.

Vanquished Creatures (collateral kills)
  Agnes (D:15)
  A storm dragon (Zot:4)
  A draconian stormcaller (Zot:4)
  An angel (Vaults:4)
  A yellow draconian (Zot:3)
  A deep elf pyromancer (Elf:3)
  A cyclops (D:15)
  A moth of wrath (Zot:3)
  A creeping inferno (Zot:3)
9 creatures vanquished.

Vanquished Creatures (others)
  2 draconian knights (Zot:4)
  A green draconian (Zot:4)
  A yellow draconian (Depths:4)
  A fire dragon (Depths:3)
  A hydra (Swamp:4)
  A boulder beetle (D:10)
  A deep elf pyromancer (Elf:3)
  A moth of wrath (Zot:3)
  A hellion (Zot:3)
  2 bloated husks
  A gnoll (D:10)
  22 foxfires
  3 starspawn tentacles (Abyss:3)
38 creatures vanquished.

Grand Total: 2059 creatures vanquished

Notes
Turn   | Place    | Note
-------+----------+-------------------------------------------
     0 | D:1      | Anon1729 the Minotaur Monk began the quest for the Orb.
     0 | D:1      | Reached XP level 1. HP: 19/19 MP: 0/0
   240 | D:1      | Reached XP level 2. HP: 26/27 MP: 1/1
   374 | D:1      | Reached skill level 4 in Axes
   856 | D:2      | Reached skill level 1 in Armour
   856 | D:2      | Reached XP level 3. HP: 33/33 MP: 2/2
  1158 | D:2      | Found a faded altar of an unknown god.
  1718 | D:3      | Reached XP level 4. HP: 38/41 MP: 3/3
  2448 | D:4      | Reached XP level 5. HP: 44/47 MP: 4/4
  2519 | D:4      | Found a sparkling altar of Nemelex Xobeh.
  2526 | D:4      | Reached skill level 5 in Fighting
  2526 | D:4      | Reached skill level 5 in Axes
  2541 | D:4      | Found a broken altar of Ashenzari.
  2541 | D:4      | Found an iron altar of Okawaru.
  2554 | D:4      | Found a hide-covered altar of Uskayaw.
  2557 | D:4      | Found a snail-covered altar of Cheibriados.
  2605 | D:4      | Reached XP level 6. HP: 28/56 MP: 5/5
  2818 | D:4      | Reached skill level 5 in Dodging
  3221 | D:4      | Noticed Blork the orc
  3223 | D:4      | Found a white marble altar of Elyvilon.
  3230 | D:4      | Killed Blork the orc
  3231 | D:4      | Reached XP level 7. HP: 40/62 MP: 6/6
  3335 | D:5      | Entered Level 5 of the Dungeon
  3348 | D:5      | Reached skill level 6 in Axes
  3699 | D:5      | Found a staircase to the Ecumenical Temple.
  3704 | D:5      | Noticed Prince Ribbit
  3709 | Temple   | Entered the Ecumenical Temple
  3719 | Temple   | Became a worshipper of Trog the Wrathful
  3719 | Temple   | Reached * piety under Trog
  3719 | Temple   | Reached ** piety under Trog
  3730 | Temple   | Killed Prince Ribbit
  3731 | Temple   | Reached skill level 5 in Armour
  3968 | D:5      | Reached XP level 8. HP: 67/71 MP: 7/7
  4155 | D:5      | Reached skill level 7 in Axes
  4448 | D:6      | Found an opulent altar of Gozag.
  4683 | D:6      | Found a glowing silver altar of Zin.
  4745 | D:6      | Found an ornate altar of the Wu Jian Council.
  4748 | D:6      | Found a sacrificial altar of Ru.
  4750 | D:6      | Found a shadowy altar of Dithmenos.
  5008 | D:6      | Reached skill level 8 in Axes
  5008 | D:6      | Reached XP level 9. HP: 81/81 MP: 8/8
  5292 | D:6      | Found a radiant altar of Vehumet.
  5293 | D:6      | Found a burning altar of Makhleb.
  5483 | D:7      | Found a transporter.
  5491 | D:7      | Noticed hackum's ghost (novice TrFi)
  5492 | D:7      | Noticed a troll
  5523 | D:7      | Found a transporter.
  5581 | D:7      | Noticed Maggie
  5593 | D:7      | Killed Maggie
  6297 | D:8      | Reached skill level 9 in Axes
  6309 | D:8      | Reached *** piety under Trog
  6436 | D:8      | Noticed a komodo dragon
  6439 | D:8      | Found a staircase to the Lair.
  6442 | D:8      | Killed a komodo dragon
  6443 | D:8      | Reached XP level 10. HP: 66/91 MP: 6/9
  7043 | D:8      | Found an opulent altar of Gozag.
  7234 | D:7      | Reached skill level 10 in Axes
  7235 | D:7      | Reached skill level 10 in Fighting
  7898 | D:9      | Found an ancient bone altar of Kikubaaqudgha.
  7898 | D:9      | Found a shimmering blue altar of Sif Muna.
  8039 | D:9      | Noticed a two-headed ogre
  8045 | D:9      | Killed a two-headed ogre
  8509 | D:9      | Reached skill level 10 in Armour
  8697 | D:10     | Entered Level 10 of the Dungeon
  8897 | D:10     | Noticed a boulder beetle
  8900 | D:10     | Reached skill level 10 in Dodging
  8900 | D:10     | Reached XP level 11. HP: 92/101 MP: 8/10
  8901 | D:10     | Noticed Sonja
  8909 | D:10     | Killed Sonja
  8910 | D:10     | Reached skill level 11 in Axes
  9161 | D:10     | Reached **** piety under Trog
  9637 | D:10     | Noticed Fannar
  9649 | D:10     | Killed Fannar
 10137 | D:11     | Noticed a two-headed ogre
 10144 | D:11     | Killed a two-headed ogre
 10254 | D:11     | You fall into a shaft and drop 1 floor!
 10623 | D:12     | Found a staircase to the Orcish Mines.
 10665 | D:12     | Identified a scroll of acquirement
 10876 | D:12     | Reached skill level 12 in Axes
 11625 | D:11     | Reached ***** piety under Trog
 12160 | Orc:1    | Entered Level 1 of the Orcish Mines
 12322 | Orc:1    | Found Sanesia's Distillery.
 12437 | Orc:1    | Bought a potion of curing for 42 gold pieces
 12437 | Orc:1    | Bought a potion of haste for 140 gold pieces
 12437 | Orc:1    | Bought a potion of heal wounds for 70 gold pieces
 12437 | Orc:1    | Bought a potion of degeneration for 14 gold pieces
 12437 | Orc:1    | Bought a potion of mutation for 112 gold pieces
 12437 | Orc:1    | Bought a potion of might for 56 gold pieces
 12437 | Orc:1    | Bought a potion of curing for 42 gold pieces
 12437 | Orc:1    | Bought a potion of curing for 42 gold pieces
 12437 | Orc:1    | Bought a potion of mutation for 112 gold pieces
 12568 | Orc:2    | Entered Level 2 of the Orcish Mines
 12573 | Orc:2    | Reached XP level 12. HP: 99/113 MP: 9/11
 12711 | Orc:2    | Noticed a two-headed ogre
 12720 | Orc:2    | Killed a two-headed ogre
 12991 | Orc:2    | Noticed a two-headed ogre
 12996 | Orc:2    | Killed a two-headed ogre
 13063 | Orc:2    | Noticed an orc warlord
 13075 | Orc:2    | Killed an orc warlord
 13075 | Orc:2    | Received a gift from Trog
 13320 | Orc:2    | Reached skill level 13 in Axes
 14340 | Orc:2    | HP: 7/172 [poisoned by an orc sorcerer]
 14341 | Orc:2    | HP: 3/172 [barbs]
 14789 | Orc:2    | Found a staircase to the Elven Halls.
 14860 | Orc:2    | Noticed an orc high priest
 14867 | Orc:2    | Killed an orc high priest
 14973 | Orc:2    | Noticed Saint Roka
 14990 | Orc:2    | Reached XP level 13. HP: 67/123 MP: 5/12
 15276 | Orc:2    | Found Idohyl's Assorted Antiques.
 15278 | Orc:2    | Received a gift from Trog
 15318 | Orc:2    | Bought a glowing fluorescent wand for 100 gold pieces
 15318 | Orc:2    | Bought a fluorescent wand for 100 gold pieces
 15318 | Orc:2    | Bought a potion of might for 100 gold pieces
 15318 | Orc:2    | Bought a potion of might for 100 gold pieces
 15389 | Orc:2    | Gained mutation: You are vulnerable to cold. (rC-) [a
                  | neqoxec]
 15419 | Orc:2    | HP: 6/184 [Saint Roka/+0 battleaxe (18)]
 15421 | Orc:2    | Killed Saint Roka
 15422 | Orc:2    | Reached skill level 14 in Axes
 15724 | Orc:2    | Found Xonemop's Magic Scroll Emporium.
 15773 | Orc:2    | Bought a scroll of teleportation for 33 gold pieces
 15773 | Orc:2    | Bought a scroll of noise for 11 gold pieces
 15773 | Orc:2    | Bought 3 scrolls of identify for 66 gold pieces
 15864 | Orc:2    | Found Nauf's Magic Scroll Shop.
 15962 | Orc:2    | Bought a scroll of blinking for 112 gold pieces
 15962 | Orc:2    | Bought a scroll of identify for 30 gold pieces
 16077 | Orc:2    | Found Urab's Weapon Shoppe.
 16315 | Orc:2    | Acquired the +1 hat of Doqiesew {+Inv}
 16682 | Lair:1   | Entered Level 1 of the Lair of Beasts
 16784 | Lair:1   | Reached skill level 1 in Evocations
 18063 | Lair:2   | Noticed an eleionoma
 18074 | Lair:2   | Killed an eleionoma
 18086 | Lair:2   | Found a staircase to the Swamp.
 18442 | Lair:2   | Noticed Nergalle
 18450 | Lair:2   | Killed Nergalle
 18683 | Lair:3   | Noticed Nessos
 18702 | Lair:3   | Killed Nessos
 18703 | Lair:3   | Reached XP level 14. HP: 49/133 MP: 7/13
 19010 | Lair:3   | Reached skill level 15 in Fighting
 19031 | Lair:3   | Found a staircase to the Snake Pit.
 19148 | Lair:3   | Reached skill level 15 in Axes
 19535 | Lair:3   | Identified the +0 arbalest of Buucotz {heavy, *Slow rF+
                  | Str+6 Int+3}
 20797 | Lair:4   | Found a staircase to the Slime Pits.
 20798 | Lair:4   | Found a viscous altar of Jiyva.
 21301 | Lair:5   | Entered Level 5 of the Lair of Beasts
 21500 | Lair:5   | Reached skill level 15 in Armour
 21511 | Lair:5   | Received a gift from Trog
 21519 | Lair:5   | Reached ****** piety under Trog
 21699 | Lair:5   | Reached skill level 5 in Evocations
 21750 | Lair:5   | Identified the maw talisman "Puri Sint" {rN+ Int+3}
 23621 | D:13     | Reached skill level 16 in Axes
 23750 | D:13     | Reached XP level 15. HP: 133/144 MP: 14/14
 24819 | D:14     | Found a gate to the Vaults.
 24827 | D:14     | Received a gift from Trog
 25513 | D:15     | Entered Level 15 of the Dungeon
 25587 | D:15     | Reached skill level 15 in Dodging
 25613 | D:15     | Noticed Agnes
 25620 | D:15     | Killed Agnes
 25885 | D:15     | Found a staircase to the Depths.
 25978 | D:15     | Found a shadowy altar of Dithmenos.
 25998 | D:15     | Noticed Jorgrun
 26008 | D:15     | Killed Jorgrun
 26687 | D:15     | Noticed Rupert
 26698 | D:15     | Killed Rupert
 26994 | D:15     | Lost mutation: You are vulnerable to cold. (rC-) [potion of
                  | mutation]
 26994 | D:15     | Gained mutation: Your system is resistant to poisons.
                  | (rPois) [potion of mutation]
 26994 | D:15     | Gained mutation: You have large cloven feet. [potion of
                  | mutation]
 26994 | D:15     | Gained mutation: A frigid envelope surrounds you and
                  | freezes all who hurt you. [potion of mutation]
 27128 | Swamp:4  | Identified the "Gizoepsu"
 27128 | Crypt:1  | Identified the of Awo Bob
 27128 | Crypt:3  | Identified the of Vaw Tur
 27128 | Crypt:3  | Identified the of Taleur
 27128 | Elf:1    | Identified the "Emperubi"
 27128 | Elf:1    | Entered Level 1 of the Elven Halls
 27342 | Elf:1    | Found Boanur's Assorted Antiques.
 27344 | Elf:1    | Found Zynoergh's Magic Scroll Shoppe.
 27344 | Elf:1    | Found Celesotho's Assorted Antiques.
 27349 | Elf:1    | Bought a potion of attraction for 90 gold pieces
 27349 | Elf:1    | Bought a scroll of enchant weapon for 225 gold pieces
 27349 | Elf:1    | Bought a scroll of identify for 60 gold pieces
 27350 | Elf:1    | Found Zumn's Weapon Emporium.
 27353 | Elf:1    | Bought 3 scrolls of enchant armour for 292 gold pieces
 27353 | Elf:1    | Bought a scroll of summoning for 123 gold pieces
 27353 | Elf:1    | Bought a scroll of vulnerability for 52 gold pieces
 27359 | Elf:1    | Bought a pair of embroidered gloves for 247 gold pieces
 27452 | Elf:1    | Noticed a deep elf sorcerer
 27458 | Elf:1    | Killed a deep elf sorcerer
 27596 | Elf:1    | Received a gift from Trog
 28150 | Elf:1    | Noticed Louise
 28163 | Elf:1    | Killed Louise
 28475 | Snake:1  | Entered Level 1 of the Snake Pit
 28483 | Snake:1  | Reached skill level 1 in Throwing
 28553 | Snake:1  | Reached skill level 1 in Shields
 28726 | Snake:1  | Found Nam Xie's Book Shoppe.
 28733 | Snake:1  | Reached XP level 16. HP: 83/154 MP: 10/15
 28900 | Snake:1  | Noticed Roxanne
 30425 | Snake:1  | Killed Roxanne
 30426 | Snake:1  | Reached skill level 17 in Axes
 31037 | Snake:2  | Identified the +7 quarterstaff "Goititycw" {heavy, *Rage
                  | Drain rF+++ rC+++} (Trog gifted it to you on level 2 of the
                  | Snake Pit)
 31037 | Snake:2  | Received a gift from Trog
 31390 | Snake:3  | Acquired the +3 crown of Dyrovepreva {rElec Int+2 SInv}
 31390 | Snake:3  | Found the +3 crown of Dyrovepreva {rElec Int+2 SInv}
 31473 | Snake:3  | Reached skill level 5 in Shields
 32021 | Snake:3  | Reached skill level 1 in Stealth
 32104 | Snake:3  | Found a large runed translucent door.
 32104 | Snake:3  | Found a large runed translucent door.
 32109 | Snake:3  | Noticed Pitzov's ghost (adept DECj)
 32676 | Snake:3  | Killed Pitzov's ghost
 32680 | Snake:3  | Identified the amulet of Xyggac {Reflect Will+ MP+9 SH+5}
 32806 | Snake:4  | Entered Level 4 of the Snake Pit
 33541 | Snake:4  | Received a gift from Trog
 33569 | Snake:4  | Reached skill level 10 in Evocations
 33848 | Snake:4  | Found Iproeph's Book Shoppe.
 33863 | Snake:4  | Reached XP level 17. HP: 157/162 MP: 16/16
 34621 | Snake:4  | Received a gift from Trog
 34858 | Snake:4  | Got a serpentine rune of Zot
 35303 | Desolati | Identified the of Civel
 35303 | Desolati | Identified the of Ytimn
 35303 | Desolati | Identified the "Buoduimi"
 35538 | Elf:2    | Found Putatz's Weapon Boutique.
 35549 | Elf:2    | Found a crumbling gateway.
 35643 | Desolati | Entered the Desolation of Salt
 35722 | Desolati | Received a gift from Trog
 35723 | Desolati | Reached skill level 5 in Throwing
 36531 | Desolati | Identified the ring of Iler {MP+9 Int+3 Dex+3}
 36550 | Desolati | Identified the amulet of Ynuubaz {Acrobat rF+ rC++}
 36713 | Elf:2    | Found Xis Lifa's Book Emporium.
 36778 | Elf:2    | Received a gift from Trog
 36781 | Elf:2    | Reached XP level 18. HP: 165/171 MP: 17/17
 36862 | Elf:2    | Found a runed translucent gate.
 36863 | Elf:2    | Found a runed translucent gate.
 36863 | Elf:2    | Found a runed translucent gate.
 36900 | Elf:2    | Found Giol's Distillery.
 37101 | Elf:2    | Bought a potion of curing for 51 gold pieces
 37101 | Elf:2    | Bought a potion of haste for 170 gold pieces
 37101 | Elf:2    | Bought a potion of heal wounds for 85 gold pieces
 37101 | Elf:2    | Bought a potion of enlightenment for 85 gold pieces
 37101 | Elf:2    | Bought a potion of enlightenment for 85 gold pieces
 37101 | Elf:2    | Bought a potion of attraction for 51 gold pieces
 37368 | Elf:2    | Reached skill level 18 in Axes
 37404 | Elf:2    | Reached skill level 10 in Shields
 38048 | Elf:3    | Identified the "Seoh"
 38048 | Elf:3    | Identified the "Gusi Una"
 38048 | Elf:3    | Identified the "Vudwuc"
 38048 | Elf:3    | Identified the "Nono"
 38048 | Elf:3    | Entered Level 3 of the Elven Halls
 38051 | Elf:3    | Received a gift from Trog
 38263 | Elf:3    | Found Zissupec's Jewellery Shop.
 38602 | Elf:3    | Noticed Norris
 38616 | Elf:3    | Killed Norris
 39333 | Elf:3    | Reached skill level 5 in Stealth
 39574 | Abyss:3  | Cast into level 3 of the Abyss (a deep elf demonologist)
 39898 | Abyss:3  | Received a gift from Trog
 40023 | Abyss:3  | Noticed a bone dragon
 40035 | Elf:3    | Escaped the Abyss
 40045 | Elf:3    | Killed a bone dragon
 40470 | Elf:3    | Identified the ring of Vuxegget {rC- MP+9 Str+7 Dex-3}
 40596 | Elf:3    | Identified the +6 hand axe of the Green God {flame, Str+2}
 40598 | Elf:3    | Identified the +7 chain mail "Eqohec" {*Slow rN+ Dex+5}
 40599 | Elf:3    | Reached XP level 19. HP: 175/180 MP: 18/18
 40604 | Elf:3    | Received a gift from Trog
 40606 | Elf:3    | Noticed Zenata
 40616 | Elf:3    | Paralysed by an air elemental for 1 turns
 41222 | Elf:3    | Killed Zenata
 42152 | Elf:3    | Identified the +0 sling of Irrepressible Laughter {flame,
                  | Int+2}
 42467 | Vaults:1 | Entered Level 1 of the Vaults
 43220 | Vaults:1 | Received a gift from Trog
 43631 | Vaults:1 | Found Gyppecwe's Armour Shoppe.
 43714 | Vaults:1 | Bought a scarf of resistance for 640 gold pieces
 44871 | Vaults:2 | Noticed Donald
 45107 | Vaults:2 | Received a gift from Trog
 45395 | Vaults:2 | Killed Donald
 45396 | Vaults:2 | Reached skill level 19 in Axes
 45713 | Vaults:2 | Reached XP level 20. HP: 181/189 MP: 19/19
 45820 | Vaults:2 | Identified the +0 ring mail of Poaw {Dex+2}
 46479 | Vaults:3 | Identified the +9 broad axe "Ysiheck" {flame, rC+ Dex+3}
                  | (Trog gifted it to you on level 3 of the Vaults)
 46479 | Vaults:3 | Received a gift from Trog
 46758 | Vaults:3 | Found a staircase to the Crypt.
 46793 | Vaults:3 | Received a gift from Trog
 46999 | Vaults:3 | Identified the +0 robe "Voabb" {rF+ Int+3}
 47077 | Vaults:3 | Found Danosch's Antique Weapon Shoppe.
 47097 | Vaults:3 | Found Vifut's Antique Armour Boutique.
 47133 | Vaults:3 | Found Vaetae's Jewellery Emporium.
 47257 | Vaults:3 | Found Gekeq's Book Emporium.
 47625 | Vaults:4 | Noticed Xtahua
 47638 | Vaults:4 | Killed Xtahua
 47691 | Vaults:4 | Found the +7 lajatang of Order {silver, rMut}
 47861 | Vaults:4 | Found Cegio's Distillery.
 47886 | Vaults:4 | Received a gift from Trog
 47981 | Vaults:4 | Bought 2 potions of heal wounds for 100 gold pieces
 47981 | Vaults:4 | Bought a potion of haste for 100 gold pieces
 47981 | Vaults:4 | Bought 2 potions of mutation for 160 gold pieces
 47981 | Vaults:4 | Bought a potion of invisibility for 80 gold pieces
 48490 | Vaults:4 | Reached XP level 21. HP: 194/199 MP: 20/20
 48757 | Vaults:4 | Reached skill level 15 in Shields
 48805 | Vaults:4 | Acquired 447 gold pieces
 48861 | Vaults:4 | Bought a potion of might for 40 gold pieces
 48861 | Vaults:4 | Bought a potion of mutation for 80 gold pieces
 49176 | Elf:1    | Bought a scroll of immolation for 132 gold pieces
 49176 | Elf:1    | Bought a potion of might for 132 gold pieces
 49176 | Elf:1    | Bought a scroll of teleportation for 99 gold pieces
 49443 | Vaults:4 | Found a runed gate.
 49443 | Vaults:4 | Found a runed gate.
 49443 | Vaults:4 | Found a runed gate.
 49482 | Vaults:4 | Found a glowing golden altar of the Shining One.
 49719 | Vaults:5 | Entered Level 5 of the Vaults
 49725 | Vaults:5 | Noticed an ancient lich
 49729 | Vaults:5 | Received a gift from Trog
 49738 | Vaults:4 | Killed an ancient lich
 49791 | Vaults:5 | Noticed an ancient lich
 49802 | Vaults:5 | Noticed a golden dragon
 49807 | Vaults:5 | Killed an ancient lich
 49815 | Vaults:4 | Killed a golden dragon
 50053 | Vaults:5 | Noticed a golden dragon
 50067 | Vaults:5 | Killed a golden dragon
 50067 | Vaults:5 | Received a gift from Trog
 50220 | Vaults:5 | Noticed Frederick
 50233 | Vaults:5 | Killed Frederick
 50649 | Vaults:5 | Reached skill level 20 in Axes
 50659 | Vaults:5 | Identified the +3 hand axe of Theory {freeze, Str+3 Dex+3}
 50819 | Vaults:5 | Reached skill level 15 in Evocations
 50981 | Vaults:5 | Received a gift from Trog
 51003 | Vaults:5 | Reached XP level 22. HP: 148/209 MP: 21/21
 51183 | Vaults:5 | Identified the +8 chain mail "Kaohuh" {*Slow rC++ Dex+3
                  | Slay+3}
 51185 | Vaults:5 | Got a silver rune of Zot
 51243 | Vaults:5 | Reached skill level 10 in Throwing
 51563 | Vaults:5 | Noticed a dread lich
 51570 | Vaults:5 | Killed a dread lich
 52410 | Swamp:1  | Entered Level 1 of the Swamp
 52522 | Swamp:1  | Noticed Sphara's ghost (adept HuWr)
 52647 | Swamp:1  | Found a runed translucent gate.
 52647 | Swamp:1  | Found a runed translucent gate.
 52647 | Swamp:1  | Found a runed translucent gate.
 52962 | Swamp:1  | Killed Sphara's ghost
 53152 | D:7      | Received a gift from Trog
 53162 | D:7      | Killed hackum's ghost
 54384 | Swamp:3  | Identified the +5 glaive of Summer {heavy, rPois}
 54509 | Swamp:3  | Received a gift from Trog
 54601 | Swamp:4  | Entered Level 4 of the Swamp
 55324 | Swamp:4  | Got a decaying rune of Zot
 55770 | Depths:1 | Entered Level 1 of the Depths
 55816 | Depths:1 | Identified the +2 leather armour of Spaghetti {Dex+3}
 56162 | Depths:1 | Found a blossoming altar of Fedhas.
 56465 | Depths:1 | Found a blossoming altar of Fedhas.
 56534 | Depths:1 | Found a gateway to Hell.
 56551 | Depths:1 | Reached XP level 23. HP: 93/217 MP: 22/22
 56956 | Depths:1 | Identified the ring "Wuish" {EV+5 Stlth+}
 56968 | Depths:1 | Gained mutation: You are weak. (Str -2) [mutagenic glow]
 57012 | Depths:2 | Noticed Mara
 57021 | Depths:2 | Noticed Anon1729's illusion
 57031 | Depths:2 | Killed Mara
 57095 | Depths:2 | Found Darum's Antique Armour Shoppe.
 57225 | Depths:2 | Identified the +6 broad axe "Peocho" {heavy, rPois rN++}
                  | (Trog gifted it to you on level 2 of the Depths)
 57225 | Depths:2 | Received a gift from Trog
 57462 | Depths:2 | Noticed a caustic shrike
 57472 | Depths:2 | Killed a caustic shrike
 58004 | Depths:2 | Found a one-way gate to the infinite horrors of the Abyss.
 58125 | Depths:2 | Noticed a juggernaut
 58140 | Depths:2 | Killed a juggernaut
 58142 | Depths:2 | Found the +9 staff of Olgreb {rPois∞}
 58211 | Depths:2 | Found a one-way gate leading to the halls of Pandemonium.
 58659 | Depths:3 | Found a one-way gateway to a ziggurat.
 58788 | Depths:3 | Reached skill level 10 in Stealth
 58994 | Depths:3 | Noticed Parghit
 59021 | Depths:3 | Killed Parghit
 59264 | Depths:3 | Reached skill level 21 in Axes
 59264 | Depths:3 | Received a gift from Trog
 59575 | Depths:4 | Entered Level 4 of the Depths
 59676 | Depths:4 | Found a gate to the Realm of Zot.
 59805 | Depths:4 | Noticed a juggernaut
 59815 | Depths:4 | Killed a juggernaut
 60306 | Depths:4 | Reached XP level 24. HP: 228/228 MP: 22/22
 60435 | Zot:1    | Entered Level 1 of the Realm of Zot
 60813 | Depths:4 | Received a gift from Trog
 62746 | Zot:1    | Received a gift from Trog
 63231 | Zot:2    | Noticed an orb of fire
 63273 | Zot:2    | Gained mutation: Your body sometimes deteriorates upon
                  | taking damage. [an orb of fire]
 63291 | Zot:2    | Gained mutation: You are frail. (-10% HP) [an orb of fire]
 63293 | Zot:2    | Killed an orb of fire
 64639 | Zot:3    | Noticed a Killer Klown
 64658 | Zot:2    | Killed a Killer Klown
 64751 | Zot:3    | Found a transporter.
 64770 | Zot:3    | Found a transporter.
 66167 | Zot:3    | Reached XP level 25. HP: 193/212 MP: 10/22
 66374 | Zot:3    | Identified the +0 pair of gloves of Responsibility {Rampage
                  | Str-4 Int+5}
 66396 | Zot:3    | Identified the amulet of Viczaz {Faith Slay+6}
 66616 | Zot:4    | Acquired the +2 pair of gloves of Daisies {rF+ Will+ rCorr
                  | Dex-2}
 67191 | Zot:4    | Identified the ring of Peace {Ice Will+}
 67191 | Zot:4    | Noticed Josephina
 67203 | Zot:4    | Received a gift from Trog
 67218 | Zot:4    | Killed Josephina
 67808 | Zot:4    | Noticed an orb of fire
 67820 | Zot:4    | Gained mutation: Your spells are a little easier to cast,
                  | but a little less powerful. [an orb of fire]
 68184 | Zot:4    | Identified the +1 mace "Duasaq" {antimagic, Str+5}
 68326 | Zot:4    | Gained mutation: Your spells are easier to cast, but less
                  | powerful. [an orb of fire]
 68332 | Zot:4    | Gained mutation: You are clumsy. (Dex -2) [an orb of fire]
 68355 | Zot:4    | Killed an orb of fire
 68538 | Zot:4    | Reached skill level 22 in Axes
 68569 | Zot:4    | Killed from afar by a yellow draconian annihilator

Illustrated notes

Levels and vault maps discovered:
D:1:      evilmike_arrival_rings, layout_loops_ring
D:2:      minmay_wonky_spiral, layout_loops_ring,
          shapermc_ecumenical_altar_flowoftime
D:3:      layout_loops_cross
D:4:      layout_cave_pools, nicolae_elyvilon_temple_path,
          minmay_overflow_temple_star_hex, uniq_blork_the_orc
D:5:      layout_basic, minmay_temple_entry_stoned_glass, uniq_prince_ribbit1
D:6:      layout_cave_pools, grunt_temple_overflow_lords_of_destruction,
          grunt_temple_overflow_open, grunt_gozag_statues, lemuel_crystal_altar
D:7:      layout_basic, nzn_ghost_randoct, serial_aquarium,
          aquarium_bridge_straight [aquarium_subvault_bridge,
          aquarium_subvault_wall, aquarium_subvault_bridge,
          aquarium_subvault_wall], aquarium_window_corridor_1,
          aquarium_window_fake, aquarium_view_2d, aquarium_pool_corner,
          serial_bayou_crossing, uniq_maggie
D:8:      layout_basic, due_lair_maze_entry_diamond, grunt_decor_mini_mirrors,
          hangedman_decor_clover_reticule, roadster_trireme
D:9:      layout_gridville, chequers_temple_overflow_statue_of_worship,
          kennysheep_generic_room_4
D:10:     layout_basic, hangedman_corner_corridor, uniq_sonja, uniq_fannar
D:11:     layout_cave_pods
D:12:     layout_basic, orc_0_dummy
D:13:     layout_long_grid
D:14:     layout_irregular_city, hellmonk_vaults_keyhole, chequers_big_river
D:15:     gammafunk_enter_depths_forms, layout_loops_ring, solitary_fountain,
          nicolae_dithmenos_the_darkroom, uniq_jorgrun, uniq_rupert, uniq_agnes
Temple:   nicolae_temple_great_sept
Lair:1:   layout_gridlike
Lair:2:   layout_cellular_growth, alex1729_swamp_entry_worm_eleionoma,
          uniq_nergalle
Lair:3:   layout_layer_cave, nicolae_snake_entry_warm_welcome, minivault_23,
          uniq_nessos
Lair:4:   layout_concentric_octagons, slime_entry_1
Lair:5:   gammafunk_lair_ancient_temple, layout_small_grid, st_stairs_4
Swamp:1:  layout_basic_swamp, gammafunk_ghost_split,
          evilmike_swamp_ruin_house_4, swamp_pool_3
Swamp:2:  layout_basic_swamp, evilmike_swamp_ruin_house_5, swamp_pool_3
Swamp:3:  layout_basic_swamp, nicolae_swamp_some_circles, swamp_pool_1_2,
          hangedman_swamp_double_dragon
Swamp:4:  swamp_alternative, layout_basic_swamp
Snake:1:  layout_onion, serial_shops, shop, grunt_ministairs_12,
          nicolae_snake_bzzzt, nicolae_triple_integral, lemuel_fruit_tree,
          uniq_roxanne
Snake:2:  layout_rooms
Snake:3:  layout_layer_cave, ebering_ghost_disaster_area,
          serial_library_hellmonk_small_alcove, nicolae_snake_gridmaze_squiggle,
          nicolae_snake_coiling_death
Snake:4:  snake_pit_salamanders_mu, layout_grid_shapes, serial_shops,
          nicolae_shop_stone, grunt_ministairs_13
Orc:1:    layout_caves, serial_shops, nicolae_square_shop
Orc:2:    pubby_orc_utopia, serial_shops
Elf:1:    layout_gridlike, minmay_elf_annihilation, minmay_shoptagon,
          uniq_louise
Elf:2:    nicolae_elf_blades_crystal_corner, layout_loops_corners,
          portal_desolation_entry_salt, serial_shops, nicolae_shop_trees,
          nicolae_take_the_stairs, nicolae_shop_window_shopping, nrook_uturn
Elf:3:    elf_hall, layout_geoelf_castle, serial_shops,
          nicolae_shop_advertising_works [nicolae_subvault_shop_adworks],
          uniq_norris, uniq_zenata
Vaults:1: nicolae_vaults_more_shelving_2, vaults_standard_mumra_lines,
          nicolae_vaults_windows_and_doors_thing, nicolae_vaults_wrenched,
          nicolae_vaults_trapezoid_2, hangedman_vaults_stagger,
          nicolae_vaults_stepped_doors, nicolae_vaults_storage_room_doors,
          layout_vaults_quadrants, serial_shops, shop, uniq_saint_roka
Vaults:2: v_rooms_3, dpeg_vaults_monster_box, nicolae_vaults_house_3,
          vaults_room_fours, nicolae_vaults_frosty_reception,
          nicolae_vaults_twisting_passages, nicolae_vaults_big_angled_halls,
          vaults_room_door_hall, nicolae_vaults_theta, ontoclasm_vaults_echo,
          nicolae_vaults_angled_halls, layout_vaults_maze, uniq_donald
Vaults:3: minmay_crypt_entry_nasty_monster, v_misc_23, v_rooms_4,
          nicolae_vaults_display_case, nicolae_vaults_turnstiles,
          vaults_room_semicircle, v_rooms_4, nicolae_vaults_apartment_1,
          nicolae_vaults_mini_display_case, v_misc_18,
          ontoclasm_vaults_ligature, hangedman_vaults_snaps,
          layout_vaults_omnicross, serial_shops, nicolae_book_shop_shelving,
          nicolae_shop_gaudy_bauble, nicolae_shop_back_alley_shop, shop
Vaults:4: nicolae_vaults_weapon_check, hangedman_vaults_restitches,
          abrahamwl_protected_by_tso_2, nicolae_vaults_six-pack,
          vaults_mumra_hexcomb, nicolae_vaults_heart-shaped_vault,
          hangedman_vaults_maws, nicolae_vaults_tetromino_Z_2,
          vaults_dpeg_encased_lava, layout_vaults_big_room, serial_shops, shop,
          uniq_xtahua
Vaults:5: uniq_frederick
Depths:1: layout_gridville, hellmouth_2, fedhas_altar_2, lemuel_statue_altar,
          kilobyte_mutagenic_chamber
Depths:2: minmay_sliced_demisemicircle, layout_cave_shapes,
          pf_hell_entry_tar_spiral, rand_demon_pan_entry_9, serial_shops,
          nicolae_stop_n_shop_2, abyss_entry_small_statue_room,
          kennysheep_two_boxes, minmay_staircase_bubble, uniq_mara
Depths:3: kennysheep_ambush_hall, layout_gridlike, enter_ziggurat_b,
          abyss_entry, hell_entry, hangedman_abyss_or_decor_clamps,
          serial_bayou_shore_b, uniq_parghit
Depths:4: grunt_zot_entry_tricorne, layout_cave_shapes, pf_coc_iceberg
Zot:1:    ebering_greatest_show_in_zot, layout_gridlike
Zot:2:    layout_concentric_octagons, skrybe_zot_glass_3
Zot:3:    gammafunk_the_bubble [the_bubble_gammafunk_split],
          layout_onion_interference, grunt_ministairs_3,
          regret_index_zotdec_barnacled_alternative, hangedman_hellfire_club
Zot:4:    layout_gridlike, uniq_josephina

Skill      XL: |  1  2  3  4  5  6  7  8  9 10 11 12 13 14 15 16 17 18 19 20 21 22 23 24 25 |
---------------+----------------------------------------------------------------------------+-----
Axes           | 4 5 6 8 9 10 12 13 14 16 17 18 19 20 21 22 | 22.0
Fighting       | 4 5 6 7 9 10 12 13 14 16 17 18 19 20 21 | 21.9
Armour         | 1 2 3 4 5 6 8 10 11 13 14 15 16 17 18 19 20 21 | 21.6
Dodging        | 4 5 6 7 8 10 11 12 13 14 15 16 17 18 19 20 | 20.3
Evocations     | 3 6 8 10 11 12 13 14 15 16 17 18 | 18.3
Throwing       | 1 4 5 6 8 9 10 11 12 | 12.9
Shields        | 2 6 9 11 13 14 16 17 19 20 | 20.9
Stealth        | 2 4 5 6 7 8 9 10 11 | 11.0

Action                     |  1- 3 |  4- 6 |  7- 9 | 10-12 | 13-15 | 16-18 | 19-21 | 22-24 | 25-27 || total
---------------------------+-------+-------+-------+-------+-------+-------+-------+-------+-------++-------
  Melee: Hand axe          |    90 |   103 |    82 |       |       |       |       |       |       ||   275
         Headbutt          |    14 |    25 |    51 |   116 |   240 |   311 |   391 |   582 |   104 ||  1834
         War axe           |       |       |    48 |       |       |       |       |       |       ||    48
         Broad axe         |       |       |    56 |   476 |   771 |   923 |  1093 |  1764 |   341 ||  5424
         Battleaxe         |       |       |       |       |       |    37 |       |       |       ||    37
  Throw: Dart              |       |       |       |     3 |       |       |       |       |       ||     3
 Invoke: Berserk           |       |       |     4 |     4 |     5 |     5 |     7 |     7 |     1 ||    33
         Trog's Hand       |       |       |       |     3 |     1 |     1 |     3 |     3 |     3 ||    14
         Brothers in Arms  |       |       |       |       |     2 |       |     2 |       |     2 ||     6
  Evoke: Wand              |       |       |       |     5 |    14 |     7 |    10 |     2 |     9 ||    47
         Tin of tremorston |       |       |       |       |       |     4 |     3 |       |     2 ||     9
         Lightning rod     |       |       |       |       |       |       |     5 |       |       ||     5
         Sack of spiders   |       |       |       |       |       |       |       |       |     1 ||     1
    Use: Scroll            |       |       |     3 |    14 |    11 |    12 |     7 |    14 |     4 ||    65
         Potion            |       |       |       |     1 |     4 |     3 |     5 |    10 |     6 ||    29
   Stab: Petrified         |       |       |       |       |     7 |       |       |       |       ||     7
         Invisible         |       |       |       |       |     1 |       |       |       |     1 ||     2
         Petrifying        |       |       |       |       |     2 |       |       |       |       ||     2
         Distracted        |       |       |       |       |     1 |     3 |     2 |     3 |       ||     9
         Sleeping          |       |       |       |       |       |     2 |    13 |    26 |     4 ||    45
 Armour: Robe              |    18 |       |       |       |       |       |       |       |       ||    18
         Chain mail        |    28 |    69 |   177 |   349 |     2 |       |       |       |       ||   625
         Plate armour      |       |       |       |       |   772 |   364 |       |       |       ||  1136
         Shadow dragon sca |       |       |       |       |       |   341 |   493 |   898 |   236 ||  1968
  Dodge: Dodged            |    31 |    50 |   114 |   352 |   629 |   599 |   472 |   782 |   155 ||  3184
  Block: Other             |       |       |       |       |       |    11 |       |       |       ||    11
         Kite shield       |       |       |       |       |       |       |   568 |  1901 |   332 ||  2801
         Reflection        |       |       |       |       |       |       |    60 |    34 |       ||    94

Table legend: (Time is in decaauts)
 A = Elapsed time spent in this place.
 B = Non-inter-level travel time spent in this place.
 C = Inter-level travel time spent in this place.
 D = Time resting spent in this place.
 E = Time spent auto-exploring this place.
 F = Levels seen in this place.
 G = Mean time per level.
                   A        B        C        D        E       F      G
               +--------+--------+--------+--------+--------+-----+--------+
         Total |  68055 |  62851 |   5204 |   8508 |  43565 |  49 | 1388.9 |
       Dungeon |  17098 |  14958 |   2140 |    897 |  12022 |  15 | 1139.9 |
        Temple |    186 |    186 |      0 |    153 |      0 |   1 |  186.0 |
          Lair |   6728 |   6188 |    540 |    577 |   4725 |   5 | 1345.6 |
         Swamp |   3060 |   2879 |    181 |    240 |   1954 |   4 |  765.0 |
     Snake Pit |   6465 |   6170 |    295 |    953 |   4348 |   4 | 1616.2 |
  Orcish Mines |   4805 |   4312 |    493 |    971 |   2678 |   2 | 2402.5 |
   Elven Halls |   6585 |   6245 |    340 |   1417 |   3947 |   3 | 2195.0 |
        Vaults |   9229 |   8355 |    874 |    904 |   5646 |   5 | 1845.8 |
        Depths |   5665 |   5482 |    183 |   1463 |   3127 |   4 | 1416.2 |
           Zot |   6770 |   6614 |    156 |    896 |   4135 |   4 | 1692.5 |
         Abyss |    435 |    435 |      0 |     26 |    262 |   1 |  435.0 |
    Desolation |   1027 |   1027 |      0 |      7 |    718 |   1 | 1027.0 |
               +--------+--------+--------+--------+--------+-----+--------+

Top non-repeatable levels by time:
   Orc:2: 4163 daAuts
   Elf:3: 2982 daAuts
Vaults:1: 2590 daAuts
   Elf:2: 2413 daAuts
 Snake:1: 2194 daAuts
Vaults:4: 2096 daAuts
Depths:4: 1967 daAuts
   Zot:3: 1921 daAuts
 Snake:4: 1838 daAuts
Vaults:5: 1828 daAuts
   Zot:4: 1828 daAuts
  Lair:5: 1777 daAuts
 Snake:3: 1775 daAuts
   Zot:2: 1660 daAuts
Vaults:2: 1645 daAuts
